 Dungeon Crawl Stone Soup version 0.17-a0-1655-g88a8506 (webtiles) character file.

138445 karlkraus the Hoplite (level 16, -8/159 HPs)
             Began as a Minotaur Fighter on Aug 14, 2015.
             Was the Champion of Qazlal.
             Killed by divine providence
             ... invoked by a smoke demon
              (17 damage)
             ... on level 1 of the Abyss on Aug 15, 2015.
             The game lasted 01:38:22 (24563 turns).

karlkraus the Hoplite (Minotaur Fighter)           Turns: 24563, Time: 01:38:22

Health: -8/159     AC: 43    Str: 25    XL:     16   Next: 71%
Magic:  24/24      EV: 15    Int: -1 (4) God:    Qazlal [******]
Gold:   2103       SH: 33    Dex: 25    Spells: 0 memorised, 15 levels left

rFire  . . .     SeeInvis .     B - +4 flail (protect)
rCold  + + .     Clarity  .     v - +10 plate armour of Disguise {rC+ Str+2}
rNeg   . . .     SustAt   .     m - +0 large shield
rPois  .         Gourm    .     A - +1 hat {Int+3}
rElec  .         Spirit   .     q - +0 cloak
rCorr  .         Warding  .     i - +1 pair of gloves
rMut   +         Stasis   .     y - +0 pair of boots
MR     +....                    M - amulet of Juen {rMut MP+9 Slay+2}
Stlth  ..........               w - +2 ring of dexterity
                                u - +4 ring of dexterity

@: protected from physical damage, slowed, lost intelligence, repel missiles,
very slow, somewhat resistant to hostile enchantments, extremely unstealthy
A: retaliatory headbutt, beak, horns 2, molten scales 1, yellow scales 1, agile
2, cold resistance 1, dopey 2, sense surroundings 1, robust 1
a: Upheaval, Elemental Force, Disaster Area, Renounce Religion


You were on level 1 of the Abyss.
You worshipped Qazlal.
Qazlal was exalted by your worship.
You were very hungry.

You visited 4 branches of the dungeon, and saw 28 of its levels.
You visited the Abyss 1 time.

You collected 3032 gold pieces.
You spent 929 gold pieces at shops.

Inventory:

Hand weapons
 c - a cursed -2 flail
 B - a +4 flail of protection (weapon)
 N - a +3 mace of freezing
 R - a +2 flail
Armour
 i - a +1 pair of gloves (worn)
 m - a +0 large shield (worn)
 q - a +0 cloak (worn)
 v - the +10 plate armour of Disguise (worn) {rC+ Str+2}
   (You found it on level 7 of the Lair of Beasts)

   It affects your strength (+2).
   It protects you from cold.
 y - a +0 pair of boots (worn)
 A - a +1 hat of intelligence (worn)
Jewellery
 u - a +4 ring of dexterity (left hand)
 w - a +2 ring of dexterity (right hand)
 x - an uncursed amulet of guardian spirit
 M - the amulet of Juen (around neck) {rMut MP+9 Slay+2}
   (You bought it in a shop on level 1 of the Elven Halls)

   [amulet of resist mutation]

   It protects you from mutation.
   It affects your accuracy and damage with ranged weapons and melee attacks
   (+2).
   It affects your magic capacity (+9).
 Q - an uncursed ring of flight
Magical devices
 p - a wand of magic darts (19)
 J - a wand of fireball (6)
 O - a wand of slowing (15)
Scrolls
 b - a scroll of fog
 j - 2 scrolls of blinking
 l - 13 scrolls of teleportation
 r - a scroll of magic mapping
 C - 3 scrolls of amnesia
 D - 11 scrolls of remove curse
 E - a scroll of enchant armour
 I - 8 scrolls of identify
 K - 2 scrolls of fear
 P - a scroll of enchant weapon
Potions
 d - 2 potions of haste
 f - 4 potions of agility
 g - 3 potions of cancellation
 h - 3 potions of flight
 o - 8 potions of curing
 s - 3 potions of resistance
 t - 3 potions of ambrosia
 H - 2 potions of lignification
 L - a potion of invisibility
Miscellaneous
 a - a lamp of fire
Comestibles
 e - 16 bread rations
 k - 10 fruits
 n - 5 beef jerkies
 z - 12 meat rations
 G - 8 slices of pizza


   Skills:
 + Level 13.8 Fighting
 + Level 16.6 Maces & Flails
 + Level 12.1 Armour
 + Level 10.3 Dodging
 + Level 2.6 Stealth
 + Level 22.2 Shields
 + Level 0.1 Evocations


You had 15 spell levels left.
You didn't know any spells.

Dungeon Overview and Level Annotations

Branches:
Dungeon (14/15) Temple (0/1) D:7 Lair (8/8) D:10 Swamp (0/4) Lair:4 Spider (0/4) Lair:3 Slime (0/6) Lair:6 Orc (4/4) D:9 Elf (2/3) Orc:3 Vaults (0/5) D:12 D:13

Altars:
Ashenzari
Cheibriados
Dithmenos
Fedhas
Gozag
Makhleb
Nemelex Xobeh
Okawaru
Qazlal
Trog
Vehumet
Yredelemnul
Zin
The Shining One
Beogh
Lugonu

Shops:
D:8 *!:!(   D:11 %   D:12 [   Orc:1 (   Orc:4 :([}   Elf:1 (}=


Innate Abilities, Weirdness & Mutations

You reflexively headbutt those who attack you in melee.
You have a pair of horns on your head.
You have a beak for a mouth.
You are partially covered in molten scales (AC +1).
You are partially covered in yellow scales (AC +2).
You are very agile. (Dex +4)
Your flesh is cold resistant.
You are very dopey. (Int -4)
You passively map a small area around you.
You are robust (+10% HP).


Message History

The spatial maelstrom hits you.
* * * LOW HITPOINT WARNING * * *
Read which item? (? for menu, Esc to quit)
You almost manage to decipher the scroll, but fail in this attempt.
The spatial vortex is engulfed in roaring flames.
You block the spatial maelstrom's attack. x2
The spatial vortex is engulfed in roaring flames.
The crimson imp blinks!
The titan skeleton hits you!
* * * LOW HITPOINT WARNING * * *
Your resistance to fire fades away.
You feel protected from physical attacks.
A ynoxinul comes into view.
The ynoxinul bellows!
A thrashing horror comes into view.
Drink which item? (? for menu, Esc to quit)
It was a potion of berserk rage.
You're too hungry to go berserk.
You block the spatial maelstrom's attack. x2
The smoke demon gestures at you. Something smites you!
You die...

#. ......§ .....
#.....§...§. .§
#.........§...§ ##
####§.............
#..#..#5X.§....§§....
...v..#..............
#v53.v.... .## .§
#.#####Z§3........# #
# #....v@R§.#########
######.#### #.v 3...
..... #.....# ##...##
##.##


You could see a spatial maelstrom, 3 spatial vortices, a thrashing horror, a
smoke demon, an efreet, a neqoxec, a ynoxinul, a crimson imp, a shadow imp and a
titan skeleton.

Vanquished Creatures
  A tentacled starspawn (Abyss:1)
  Gastronok (D:8)
  Wiglaf (Elf:2)
  Donald (D:12)
  A cacodemon (Abyss:1)
  Aizul (Elf:1)
  4 large abominations
  2 very ugly things (Abyss:1)
  A dire elephant (Elf:2)
  A deep elf death mage (Elf:1)
  Snorg (D:12)
  A deep elf high priest (Elf:1)
  Josephine (Orc:2)
  Harold (Lair:1)
  7 hydras
  A catoblepas (D:13)
  2 centaur warriors (D:13)
  An anaconda (shapeshifter) (Elf:1)
  Erica (D:8)
  4 ogre magi (Orc:4)
  5 death yaks (Lair:8)
  15 dancing weapons (Elf:2)
  An orc high priest (Orc:4)
  3 small abominations
  17 deep elf knights
  A skeletal warrior (D:13)
  6 deep elf summoners
  4 unseen horrors
  A wizard (Abyss:1)
  3 orc knights
  A lindwurm (Lair:7)
  The ghost of 4thArraOfDagon the Chopper, an experienced DDAK of Lugonu (D:13)
  12 deep elf conjurers
  An orc sorcerer (Orc:2)
  4 hill giants
  2 cyclopes
  An oklob plant (Lair:8)
  4 ugly things
  2 griffons
  An orb spider (Lair:3)
  3 black mambas
  2 torpor snails (Lair:7)
  8 spiny frogs
  3 gargoyles
  A kobold demonologist (D:12)
  2 fire drakes
  5 trolls
  6 komodo dragons
  A fire drake (shapeshifter) (Elf:1)
  9 deep elf priests
  A polar bear (shapeshifter) (Elf:1)
  2 raiju (Abyss:1)
  A spriggan druid (Lair:8)
  12 two-headed ogres
  Prince Ribbit (D:9)
  7 polar bears
  25 blink frogs
  A hydra skeleton (Abyss:1)
  Sigmund (D:5)
  7 wraiths
  14 spriggans (Lair:8)
  6 redbacks (Lair:8)
  24 deep elf fighters
  The ghost of karlkraus the Shield-Bearer, an average MiFi (D:3)
  Eustachio (D:6)
  17 humans
  2 vampire mosquitoes (D:13)
  12 hippogriffs
  A basilisk (Lair:4)
  2 wyverns (Lair:5)
  27 wolves
  15 deep elf magi
  A mottled dragon (D:11)
  53 yaks
  3 hungry ghosts
  Menkaure (D:6)
  5 swamp worms (Lair:4)
  20 wargs
  14 water moccasins
  Duvessa (D:6)
  23 orc warriors
  4 phantoms
  5 ice beasts
  An eye of draining (D:12)
  14 black bears
  15 centaurs
  15 porcupines
  7 wasps
  33 ogres
  10 crocodiles
  2 necrophages (D:8)
  3 sky beasts
  2 big kobolds
  24 giant frogs
  A wyvern zombie (D:13)
  A gnoll sergeant (D:7)
  Dowan (D:6)
  A scorpion (D:8)
  17 killer bees
  3 wights (D:11)
  An electric eel (Lair:4)
  A giant frog zombie (D:9)
  3 crimson imps
  5 hounds
  6 jellies
  18 orc priests
  3 quasits
  9 iguanas
  4 hell rats (Lair:5)
  3 giant frog skeletons
  32 orc wizards
  19 sheep
  8 worker ants
  A killer bee zombie (D:8)
  A hound zombie (D:7)
  8 gnolls
  13 adders
  68 river rats
  4 worker ant zombies
  3 shadow imps
  2 oozes
  2 worms (D:2)
  6 giant geckos
  182 orcs
  3 bats
  4 giant cockroaches
  4 goblins
  8 hobgoblins
  4 quokkas
  A ball python (D:7)
  A giant gecko zombie (D:6)
  10 giant newts
  2 jackals (D:3)
  A jackal zombie (D:7)
  19 kobolds
  A quokka skeleton (D:5)
  7 rats
  83 fungi
  35 plants
  2 starspawn tentacles (Abyss:1)
1206 creatures vanquished.

Vanquished Creatures (others)
  A tentacled starspawn (Abyss:1)
  A deep elf fighter (Elf:1)
  3 small abominations (Abyss:1)
  2 orcs
  A bush (Lair:8)
  A crawling corpse (Elf:1)
  14 fungi
  16 plants
  7 starspawn tentacles (Abyss:1)
  125 starspawn tentacle segments (Abyss:1)
171 creatures vanquished.

Grand Total: 1377 creatures vanquished

Notes
Turn   | Place    | Note
--------------------------------------------------------------
     0 | D:1      | karlkraus the Minotaur Fighter began the quest for the Orb.
     0 | D:1      | Reached XP level 1. HP: 19/19 MP: 0/0
   188 | D:1      | Reached XP level 2. HP: 27/27 MP: 1/1
   222 | D:1      | Reached skill level 4 in Shields
   669 | D:2      | Reached XP level 3. HP: 28/33 MP: 2/2
   928 | D:2      | Found a glowing golden altar of the Shining One.
  1289 | D:2      | Reached XP level 4. HP: 36/41 MP: 3/3
  1388 | D:2      | Reached skill level 1 in Dodging
  1581 | D:3      | Reached XP level 5. HP: 40/47 MP: 4/4
  1596 | D:3      | Found a faded altar to an unknown god.
  1823 | D:3      | Noticed karlkraus's ghost (average MiFi)
  1838 | D:3      | Killed karlkraus's ghost
  1838 | D:3      | Reached skill level 5 in Fighting
  1838 | D:3      | Reached skill level 5 in Shields
  1838 | D:3      | Reached XP level 6. HP: 25/56 MP: 2/5
  2344 | D:4      | Found a stormy altar of Qazlal.
  2361 | D:4      | Became a worshipper of Qazlal Stormbringer
  2372 | D:4      | Found a glowing silver altar of Zin.
  2517 | D:4      | Reached skill level 5 in Armour
  2808 | D:5      | Entered Level 5 of the Dungeon
  2951 | D:5      | Reached skill level 5 in Maces & Flails
  2951 | D:5      | Reached XP level 7. HP: 51/61 MP: 4/6
  2965 | D:5      | Acquired Qazlal's first power
  3027 | D:5      | Noticed Sigmund
  3029 | D:5      | Reached skill level 6 in Shields
  3039 | D:5      | Killed Sigmund
  3316 | D:5      | Found a bloodstained altar of Trog.
  3950 | D:6      | Reached XP level 8. HP: 66/69 MP: 7/7
  4074 | D:6      | Gained mutation: You possess an exceptional clarity of mind. [potion of mutation]
  4074 | D:6      | Gained mutation: You are weak. (Str -2) [potion of mutation]
  4074 | D:6      | Lost mutation: You possess an exceptional clarity of mind. [potion of mutation]
  4075 | D:6      | Gained mutation: You are dopey. (Int -2) [potion of mutation]
  4075 | D:6      | Lost mutation: You are dopey. (Int -2) [potion of mutation]
  4075 | D:6      | Gained mutation: Your body sometimes deteriorates upon taking damage. [potion of mutation]
  4076 | D:6      | Lost mutation: You are weak. (Str -2) [potion of cure mutation]
  4076 | D:6      | Lost mutation: Your body sometimes deteriorates upon taking damage. [potion of cure mutation]
  4079 | D:6      | Found a radiant altar of Vehumet.
  4084 | D:6      | Found a blossoming altar of Fedhas.
  4084 | D:6      | Found an opulent altar of Gozag.
  4097 | D:6      | Found a snail-covered altar of Cheibriados.
  4101 | D:6      | Found a basalt altar of Yredelemnul.
  4114 | D:6      | Reached skill level 5 in Dodging
  4130 | D:6      | Noticed Eustachio
  4140 | D:6      | Killed Eustachio
  4140 | D:6      | Reached skill level 7 in Shields
  4191 | D:6      | Noticed Menkaure
  4202 | D:6      | Killed Menkaure
  4480 | D:6      | Found a burning altar of Makhleb.
  4500 | D:6      | Noticed Duvessa
  4500 | D:6      | Noticed Dowan
  4513 | D:6      | Killed Duvessa
  4554 | D:6      | Killed Dowan
  4601 | D:7      | Found a sparkling altar of Nemelex Xobeh.
  4688 | D:7      | Acquired Qazlal's second power
  4696 | D:7      | Reached XP level 9. HP: 64/78 MP: 5/8
  4753 | D:7      | Reached skill level 1 in Stealth
  4815 | D:7      | Reached skill level 8 in Shields
  5030 | D:7      | Reached skill level 9 in Shields
  5032 | D:7      | Acquired Qazlal's third power
  5275 | D:7      | Found a staircase to the Ecumenical Temple.
  5331 | D:7      | Found a shadowy altar of Dithmenos.
  5348 | D:8      | Found Cenkaf's Antique Weapon Shoppe.
  5362 | D:8      | Reached skill level 10 in Shields
  5371 | D:8      | Reached XP level 10. HP: 57/86 MP: 7/9
  5376 | D:8      | Noticed Erica
  5393 | D:8      | Killed Erica
  5409 | D:8      | Gained mutation: You are partially covered in yellow scales (AC +2). [mutagenic meat]
  5410 | D:8      | Gained mutation: You are dopey. (Int -2) [mutagenic meat]
  5411 | D:8      | Gained mutation: You are agile. (Dex +2) [mutagenic meat]
  5412 | D:8      | Gained mutation: You passively map a small area around you. [mutagenic meat]
  5413 | D:8      | Gained mutation: You have a beak for a mouth. [mutagenic meat]
  5506 | D:8      | Found Orihemuo's Distillery.
  5509 | D:8      | Bought a potion of agility for 56 gold pieces
  5509 | D:8      | Bought a potion of brilliance for 56 gold pieces
  5509 | D:8      | Bought a potion of mutation for 35 gold pieces
  5509 | D:8      | Gained mutation: You are very dopey. (Int -4) [potion of mutation]
  5574 | D:8      | Reached skill level 11 in Shields
  5690 | D:8      | Found Veytim's Distillery.
  5690 | D:8      | Found Zijebor's Book Shoppe.
  5727 | D:8      | Found Ruybonygh's Assorted Antiques.
  5740 | D:8      | Bought a potion of mutation for 62 gold pieces
  5740 | D:8      | Gained mutation: Your flesh is cold resistant. [potion of mutation]
  5740 | D:8      | Gained mutation: You can spit weak poison. [potion of mutation]
  5740 | D:8      | Gained mutation: You are robust (+10% HP). [potion of mutation]
  5790 | D:8      | Noticed Gastronok
  5803 | D:8      | Killed Gastronok
  5874 | D:9      | Found an iron altar of Okawaru.
  5908 | D:9      | Acquired Qazlal's fourth power
  5942 | D:9      | Reached skill level 12 in Shields
  6051 | D:9      | Reached XP level 11. HP: 87/104 MP: 8/10
  6123 | D:9      | Identified Licwi's Tome of Enthralling Flight
  6166 | D:9      | Found a staircase to the Orcish Mines.
  6492 | D:9      | Noticed an orc knight
  6496 | D:9      | Noticed an orc knight
  6518 | D:9      | Killed an orc knight
  6536 | D:9      | Killed an orc knight
  6594 | D:9      | Noticed Prince Ribbit
  6601 | D:9      | Acquired Qazlal's fifth power
  6743 | D:9      | Reached skill level 10 in Maces & Flails
  6885 | D:9      | Reached skill level 13 in Shields
  7289 | D:9      | Killed Prince Ribbit
  7402 | D:10     | Entered Level 10 of the Dungeon
  7409 | D:10     | Noticed a hill giant
  7417 | D:10     | Killed a hill giant
  7616 | D:10     | Found a staircase to the Lair.
  7934 | D:10     | Noticed a hill giant
  7945 | D:10     | Killed a hill giant
  7945 | D:10     | Reached skill level 14 in Shields
  8128 | Lair:1   | Entered Level 1 of the Lair of Beasts
  8175 | Lair:1   | Reached XP level 12. HP: 111/116 MP: 9/11
  8456 | Lair:1   | Noticed Harold
  8469 | Lair:1   | Killed Harold
  8557 | Lair:1   | Reached skill level 10 in Fighting
  8892 | Lair:2   | Reached skill level 15 in Shields
  9220 | Lair:2   | Got a jewelled war axe
  9226 | Lair:2   | Identified the +4 war axe of Poymoami {chop, Int+3} (You found it on level 2 of the Lair of Beasts)
  9246 | Lair:2   | Lost mutation: You can spit weak poison. [potion of mutation]
  9246 | Lair:2   | Gained mutation: You are very agile. (Dex +4) [potion of mutation]
  9720 | Lair:3   | Noticed a five-headed hydra
  9731 | Lair:3   | Killed a five-headed hydra
  9769 | Lair:3   | Noticed a seven-headed hydra
  9784 | Lair:3   | Killed a seven-headed hydra
 10040 | Lair:3   | Found a hole to the Spider Nest.
 10550 | Lair:4   | Noticed a four-headed hydra
 10557 | Lair:4   | Killed a four-headed hydra
 10557 | Lair:4   | Reached skill level 16 in Shields
 10805 | Lair:4   | Gained mutation: You are partially covered in molten scales (AC +1). [potion of beneficial mutation]
 11002 | Lair:4   | Reached XP level 13. HP: 125/125 MP: 12/12
 11084 | Lair:4   | Found a staircase to the Swamp.
 12540 | Lair:6   | Found a staircase to the Slime Pits.
 12897 | Lair:7   | Reached skill level 17 in Shields
 13498 | Lair:7   | Got a faintly humming plate armour
 13499 | Lair:7   | Identified the +10 plate armour of Disguise {rC+ Str+2} (You found it on level 7 of the Lair of Beasts)
 13546 | Lair:8   | Entered Level 8 of the Lair of Beasts
 13739 | Lair:8   | Reached skill level 10 in Armour
 13808 | Lair:8   | Reached XP level 14. HP: 122/136 MP: 10/13
 14028 | Lair:8   | Found a radiant altar of Vehumet.
 14137 | Lair:8   | Reached skill level 18 in Shields
 15113 | Orc:1    | Entered Level 1 of the Orcish Mines
 15504 | Orc:1    | Found a roughly hewn altar of Beogh.
 15536 | Orc:1    | Found Apeorom's Antique Weapon Shop.
 15766 | Orc:2    | Noticed Josephine
 15794 | Orc:2    | Killed Josephine
 16692 | Orc:4    | Entered Level 4 of the Orcish Mines
 16781 | Orc:4    | Reached skill level 19 in Shields
 16873 | Orc:4    | Paralysed by an ogre mage for 4 turns
 17068 | Orc:4    | Found Xiheaha's Gadget Shoppe.
 17068 | Orc:4    | Found Eliesyu's Weapon Shop.
 17069 | Orc:4    | Found Unuyqim's Antique Armour Shop.
 17069 | Orc:4    | Found Homnes's Book Emporium.
 17423 | Orc:3    | Found a staircase to the Elven Halls.
 17465 | Orc:3    | Found a radiant altar of Vehumet.
 17639 | D:11     | Found a shattered altar of Ashenzari.
 17730 | D:11     | Reached skill level 15 in Maces & Flails
 17791 | D:11     | Found Roboh's Food Shoppe.
 18559 | D:12     | Reached XP level 15. HP: 138/147 MP: 14/14
 18920 | D:12     | Noticed Snorg
 18938 | D:12     | Killed Snorg
 19012 | D:12     | Found Tomurph's Armour Emporium.
 19386 | D:13     | Found a gate to the Vaults.
 19386 | D:13     | Noticed Donald
 19442 | D:12     | Killed Donald
 19498 | D:13     | Reached skill level 20 in Shields
 19621 | D:13     | Found a corrupted altar of Lugonu.
 19739 | D:13     | Noticed 4thArraOfDagon's ghost (experienced DDAK)
 19750 | D:13     | Killed 4thArraOfDagon's ghost
 20669 | Elf:1    | Entered Level 1 of the Elven Halls
 20685 | Elf:1    | Noticed Aizul
 20712 | Elf:1    | Killed Aizul
 20712 | Elf:1    | Reached skill level 10 in Dodging
 20730 | Elf:1    | Found Xokkig's Antique Weapon Shoppe.
 21165 | Elf:1    | Found Noimiufy's Gadget Shoppe.
 21591 | Elf:1    | Found Pecebleq's Jewellery Emporium.
 21603 | Elf:1    | Bought the amulet of Juen {rMut MP+9 Slay+2} for 720 gold pieces
 22355 | Elf:1    | Reached skill level 21 in Shields
 22360 | Elf:1    | Reached XP level 16. HP: 138/158 MP: 15/15
 23027 | Elf:2    | Found a huge runed gate.
 23027 | Elf:2    | Found a huge runed gate.
 23027 | Elf:2    | Found a huge runed gate.
 23027 | Elf:2    | Found a huge runed gate.
 23029 | Elf:2    | Found a huge runed gate.
 23059 | Elf:2    | Noticed Wiglaf
 23075 | Elf:2    | Killed Wiglaf
 24058 | Elf:2    | Cast into the Abyss (a deep elf sorcerer)
 24059 | Abyss:1  | Upgraded the game from 0.17-a0-1651-gae1a69f to 0.17-a0-1655-g88a8506
 24254 | Abyss:1  | Reached skill level 22 in Shields
 24346 | Abyss:1  | Noticed a tentacled starspawn
 24462 | Abyss:1  | Found a corrupted altar of Lugonu.
 24478 | Abyss:1  | Noticed a tentacled starspawn
 24488 | Abyss:1  | Killed a tentacled starspawn
 24532 | Abyss:1  | Noticed a tentacled starspawn
 24535 | Abyss:1  | Lost intelligence.
 24545 | Abyss:1  | Killed a tentacled starspawn
 24563 | Abyss:1  | Killed from afar by a smoke demon

Vault maps used:
D:1:      kilobyte_arrival_exit_the_forest
D:2:      st_stairs_6, nicolae_tso_carved_into_rock
D:3:      ecumenical_altar_2
D:4:      grunt_qazlal_sundering, zin_academy
D:5:      kennysheep_little_box, first_bread, roderic_ancient_swastika,
          uniq_sigmund
D:6:      makhleb_grotto_becter, minmay_overflow_temple_star_hex, uniq_menkaure,
          uniq_eustachio, uniq_duvessa
D:7:      kennysheep_mini_moat, lemuel_crystal_altar, temple_hall,
          grunt_livestock
D:8:      serial_shops, shop, nicolae_shop_waterfront, nicolae_shop_trees, shop,
          nicolae_shop_behind_doors, minmay_misc_feat_tiny, uniq_erica,
          uniq_gastronok
D:9:      lemuel_castle_with_subvaults, lemuel_crystal_altar, erik_orc_3,
          uniq_prince_ribbit1
D:10:     lair_0_dummy
D:11:     serial_shops, shop, minivault_11, evilmike_ruin_ashenzari
D:12:     serial_shops, nicolae_shop_crystal, uniq_snorg
D:13:     david_vaults_3, tgw_lugonu_bribe
D:14:     lemuel_round_altar, spider_trap, kennysheep_dice, uniq_kirke
Lair:1:   infiniplex_staircase_pool_2, lemuel_fruit_tree, uniq_harold
Lair:2:   hangedman_lair_unloving_vines
Lair:3:   nicolae_spider_entry_orb_guardian, grunt_megastairs_4
Lair:4:   nicolae_swamp_entry_splash_gauntlet
Lair:5:   grunt_megastairs_1
Lair:6:   dpeg_slime_entry_corner
Lair:7:   serial_bayou_pond_d, infiniplex_staircase_pool
Lair:8:   minmay_lair_end_enchanted_forest, basic_altar
Orc:1:    nicolae_orc_accident_2, serial_shops, nicolae_shop_stone
Orc:2:    uniq_josephine
Orc:3:    basic_altar, nicolae_orc_pool_cavern
Orc:4:    st_orc_ogre_mass
Elf:1:    eino_elf_arrival_shootout, serial_shops, shop,
          nicolae_shop_overgrown_old_shop, shop, evilmike_minifort,
          nrook_mini_backslash, uniq_aizul
Elf:2:    uniq_wiglaf

Action                   |  1- 3 |  4- 6 |  7- 9 | 10-12 | 13-15 | 16-18 || total
-------------------------+-------+-------+-------+-------+-------+-------++-------
Melee: Flail             |   100 |   138 |   300 |   812 |  1507 |   278 ||  3135
Evoke: Lamp of fire      |       |       |       |       |     2 |       ||     2
  Use: Scroll            |       |     6 |    12 |    12 |    13 |     4 ||    47
       Potion            |       |     1 |     6 |     7 |     5 |     4 ||    23
 Stab: Invisible         |       |       |    10 |       |       |       ||    10
  Eat: Chunk             |     1 |     5 |     8 |    22 |    31 |     7 ||    74
       Fruit             |       |       |     1 |     3 |     5 |       ||     9
       Royal jelly       |       |       |       |       |     1 |       ||     1
